cohdb
Replays
Latest Replays
All Replays
Popular Replays
Top Player Replays
Match Explorer
How It Works
Community
CoH3 Stats
Reddit
Sign in to upload your games and track your stats! →
Sign in with Steam
Match 44545965
Unlisted
Match 44545965
Overview
Messages
Build Orders
End
Panzergrenadier Squad
250 Light Carrier
Selects Panzerjäger Kommand Battlegroup
Selects Blockade Equipment
Panzergrenadier Squad
Construct Light Support Kompanie
Panzerjäger Squad
Selects GrB 39 Grenade Launcher Requisition
2.5-tonne Medical Truck
Construct Mechanized Kompanie
250 Light Carrier
Support Armor Elements
Selects Defensive Positions
StuG III D Assault Gun
StuG III D Assault Gun
Selects Butterfly Bomb Drop
Marder III Tank Destroyer
18-tonne Recovery Half-track
StuG III D Assault Gun
MASTER_YOUR_SLEEP
jonathanse79
One click to surrender
傲慢的演奏家
KIKOL
Pelleqrini
老番茄
mahdi.naddaf
0
0
Comments
sign in to comment!
No comments posted yet!